 Dungeon Crawl Stone Soup version 0.19-a0-1654-g9d3f708 (console) character file.

88243 utis the Eclecticist (level 15, -34/77 HPs)
             Began as a Spriggan Earth Elementalist on Sept 19, 2016.
             Was the Champion of Dithmenos.
             Killed from afar by a tengu reaver (71 damage)
             ... with a bolt of magma
             ... on level 12 of the Dungeon on Sept 20, 2016.
             The game lasted 03:03:43 (48472 turns).

utis the Eclecticist (Spriggan Earth Elementalist) Turns: 48472, Time: 03:03:44

Health: -34/77     AC: 11    Str:  5    XL:     15   Next: 46%
Magic:  41/45      EV: 26    Int: 21    God:    Dithmenos [******]
Gold:   353        SH:  3    Dex: 18    Spells: 10 memorised, 15 levels left

rFire  . . .     SeeInvis +     x - +2 dagger (venom)
rCold  + + .     Gourm    .     V - +3 mottled dragon armour
rNeg   . . .     Faith    .     (shield restricted)
rPois  .         Spirit   .     (helmet restricted)
rElec  .         Dismiss  .     c - +1 cloak {rC+}
rCorr  .         Reflect  +     (gloves unavailable)
MR     ++...     Harm     .     (boots unavailable)
Stlth  ++++......               T - +3 amulet of reflection
                                W - ring of magical power
                                I - ring "Zarin" {+Inv SInv}

@: very slightly contaminated, wreathed by umbra, studying Stealth, repel
missiles, invisible, very quick
A: unfitting armour, hooves 1, see invisible, cold resistance 1, herbivore 3,
speed 3, slow metabolism 2
a: Shadow Step, Shadow Form, Renounce Religion, Turn Visible


You were on level 12 of the Dungeon.
You worshipped Dithmenos.
Dithmenos was exalted by your worship.
You were completely stuffed.

You visited 4 branches of the dungeon, and saw 21 of its levels.
You also visited: Bailey and Ice Cave.

You collected 1975 gold pieces.
You spent 1622 gold pieces at shops.

Inventory:

Hand Weapons
 a - a +7 quick blade of freezing
 q - a +1 greatsling of freezing
 x - a +2 dagger of venom (weapon)
Missiles
 b - 80 sling bullets
 e - 72 tomahawks of returning
 p - 7 curare-tipped needles {=f}
 s - 23 tomahawks (quivered)
 y - 49 poisoned needles
 M - 241 stones {=f}
Armour
 c - a +1 cloak of cold resistance (worn)
 V - a +3 mottled dragon armour (worn)
Jewellery
 m - an uncursed ring of resist corrosion
 C - an uncursed ring of ice
 E - a +3 ring of evasion
 F - an uncursed ring of fire
 I - the ring "Zarin" (left hand) {+Inv SInv}
   (You found it on level 5 of the Dungeon)

   [ring of see invisible]

   It lets you see invisible.
   It lets you turn invisible.
 P - an uncursed ring of poison resistance
 T - a +3 amulet of reflection (around neck)
 W - a ring of magical power (right hand)
Wands
 f - a wand of hasting (4/9) {@v3}
 j - a wand of enslavement (24/24)
 k - a wand of teleportation (4/9) {@v4}
 u - a wand of lightning (6/15)
 J - a wand of paralysis (13/24)
 L - a wand of lightning (8/15)
 N - a wand of polymorph (16/24)
Scrolls
 h - 3 scrolls of teleportation {@r4}
 i - 3 scrolls of fog
 l - 9 scrolls of identify {@r1}
 n - 5 scrolls of blinking
 v - 6 scrolls of remove curse {@r2}
 K - a scroll of holy word
 X - 2 scrolls of magic mapping
 Z - a scroll of recharging
Potions
 g - a potion of haste {@q3}
 o - 12 potions of heal wounds {@q2}
 w - a potion of invisibility
 B - a potion of flight
 D - 13 potions of curing {@q1}
 O - 7 potions of brilliance
 Q - 4 potions of magic
 R - a potion of ambrosia
 S - a potion of resistance
 U - a potion of lignification
Books
 G - a book of Dreams

   Spells                             Type                      Level
   a - Ensorcelled Hibernation        Hexes/Ice                    2
   b - Silence                        Hexes/Air                    5
   c - Darkness                       Hexes                        6
   d - Shadow Creatures               Summoning                    6
 H - a manual of Stealth
Miscellaneous
 r - a phantom mirror
 A - a sack of spiders
Comestibles
 d - a bread ration {@e1}
 t - 11 slices of pizza {@e2}
 z - 23 fruits {@e2}
 Y - 2 royal jellies {@e3}


   Skills:
 - Level 8.1 Fighting
 - Level 5.2 Short Blades
 - Level 13.6 Dodging
 - Level 3.0 Stealth
 - Level 16.2 Spellcasting
 - Level 6.0 Conjurations
 - Level 12.6 Transmutations
 - Level 11.0 Earth Magic
 + Level 8.1 Invocations
 - Level 7.3 Evocations


You had 15 spell levels left.
You knew the following spells:

 Your Spells              Type           Power        Failure   Level  Hunger
a - Sandblast             Erth           ######       1%          1    None
d - Lee's Rapid Deconstr  Erth           ######....   1%          5    ##.....
o - Statue Form           Tmut/Erth      ######...    12%         6    #####..
r - Repel Missiles        Chrm/Air       ###...       12%         2    None
t - Stone Arrow           Conj/Erth      ######       1%          3    None
w - Passwall              Tmut/Erth      ######....   1%          2    None
x - Alistair's Intoxicat  Tmut/Pois      #####...     17%         5    ##.....
y - Petrify               Tmut/Erth      ######..     1%          4    None
B - Summon Butterflies    Summ           ###.....     10%         1    None
W - Swiftness             Chrm/Air       ###.....     12%         2    None


Dungeon Overview and Level Annotations

Branches:
Dungeon (12/15)            Temple (1/1) D:4            Lair (6/6) D:8
 Shoals (0/4) Lair:3        Snake (0/4) Lair:4        Slime (0/5) Lair:5
    Orc (2/2) D:10            Elf (0/3) Orc:2

Altars:
Dithmenos
Elyvilon
Gozag
Makhleb
Nemelex Xobeh
Okawaru
Qazlal
Vehumet
Xom
The Shining One
Beogh

Shops:
D:6 ?   Orc:1 [   Orc:2 ?**:*

Annotations:
D:12 4 runed doors, exclusions: cyclops, killer bee and tengu reaver
Lair:6 exclusion: oklob plant


Innate Abilities, Weirdness & Mutations

You are tiny and cannot use many weapons and most armour.
You have supernaturally acute eyesight. (SInv)
You are a herbivore.
You cover ground extremely quickly.
You need consume almost no food.
You have large cloven feet.
Your flesh is cold resistant. (rC+)


Message History

A tomahawk.
There is something else lying underneath.
The floor.
Unknown command.
Casting: Petrify
Confirm with . or Enter, or press ? or * to list all spells.
Aiming: Petrify
Press: ? - help, Shift-Dir - straight line, f - tengu reaver
Aim: a tengu reaver, wielding an enchanted war axe, wearing a scale mail and wearing a buckler (black smoke, poisoned, umbra, chance to defeat MR: 43%)
The tengu reaver is moving more slowly.
Your shadow mimicks your spell!
The tengu reaver resists with almost no effort.
The killer bee misses you.
You hit the tengu reaver but do no damage.
The tengu reaver looks as sick as possible!
The killer bee barely misses you.
The tengu reaver points at you and mumbles some strange words.
The bolt of magma hits you!
Ouch! That really hurt!
You die...

.......░░░░░░░.....░░░░░Q....░░░░
......░░░░....░..............░...
....░░░░░....y░░ ░░C....░░░░░....
...░░ ░...░...░ ░.......░ o.░.
.░░░░░░░░.....░░░░░.....░░░░░....
░░░░░....░...§§.➘§...........)...
░ ░......░░░░░o§§§§░░░░░....y░░ ░
░...░...░ ░.§yQ§§.░ ░.......░
░░░░.....░░░░░§§i§§░░░░░.....░░░░
.░░░░...░░➘..➘░§§§§░§§.░░....y...
..░░░░░░░.....░░░░░.....░░░░░y...
...░░░ ░...➘.).░ ░§§.░...░ ░.y...
.....░░░░..➘.)░░░░░§§..†░░░░░o...
.>....░░░░...░.➘..░░...░░...░░...
.......░░░░░░░.....░░░░░.....░░░░
........░░░ ░.....➘➘░ ░.......░ ░
▒▒........░░░░.....░░░░░.....░░░░


You could see a tengu reaver (petrifying), a killer bee and an orc wizard
(wandering).

Vanquished Creatures
  A reaper (IceCv)
  Snorg (Orc:1)
  Fannar (Lair:1)
  2 fire dragons (D:12)
  12 hydras
  A centaur warrior (Orc:2)
  5 catoblepae
  15 death yaks
  A tengu warrior (D:12)
  An orc high priest (Orc:1)
  2 unseen horrors (D:12)
  2 deep elf archers
  5 hill giants
  2 orc knights (Orc:2)
  3 cyclopes (D:12)
  A deep elf mage (Orc:2)
  3 orc sorcerers
  3 manticores
  22 elephants
  5 black mambas
  2 ice statues (IceCv)
  2 gargoyles
  A torpor snail (Lair:6)
  16 spiny frogs
  4 rime drakes
  9 komodo dragons
  9 ice devils (IceCv)
  A queen bee (D:12)
  3 trolls
  2 meliai
  Grinder (D:6)
  A two-headed ogre (D:10)
  2 blink frogs (Lair:6)
  2 dream sheep (Lair:6)
  11 hippogriffs
  5 slime creatures
  A shadow (D:12)
  A wyvern (Lair:6)
  A human (D:11)
  32 yaks
  2 steam dragons
  A hungry ghost (D:12)
  2 basilisks (Lair:6)
  4 vampire mosquitoes
  2 nagas
  3 wargs (Orc:1)
  A mottled dragon (D:8)
  2 soldier ants (D:12)
  21 water moccasins
  8 porcupines
  4 sky beasts
  38 orc warriors
  A black bear (D:10)
  6 ogres
  2 phantoms
  2 ice beasts
  2 necrophages
  17 centaurs
  14 wolves
  20 crocodiles
  A big kobold (D:8)
  15 bullfrogs
  2 gnoll sergeants
  3 scorpions
  45 killer bees
  4 wights
  6 howler monkeys
  4 crimson imps
  A lava snake (Lair:5)
  2 quasits
  A bullfrog zombie (D:12)
  7 centaur skeletons
  2 centaur zombies
  6 hounds
  4 jellies
  23 orc priests
  11 iguanas
  18 orc wizards
  7 worker ants
  Robin (D:2)
  2 worker ant zombies
  24 gnolls
  18 adders
  52 river rats
  5 shadow imps
  19 white imps
  2 ufetubi (IceCv)
  5 oozes
  An adder zombie (D:7)
  An adder skeleton (D:9)
  A worm (D:3)
  4 dart slugs
  9 leopard geckos
  100 orcs
  14 giant cockroaches
  21 goblins
  19 hobgoblins
  8 jackals (D:1)
  7 quokkas
  4 ball pythons
  7 bats
  4 frilled lizards
  2 jackal skeletons
  29 kobolds
  A leopard gecko zombie (D:6)
  2 quokka skeletons
  11 rats
881 creatures vanquished.

Vanquished Creatures (others)
  An orc warrior (Orc:2)
  5 white imps (IceCv)
  6 ufetubi (IceCv)
  An orc (Orc:2)
  A bat (D:2)
  39 fungi
  16 plants (Lair:6)
69 creatures vanquished.

Grand Total: 950 creatures vanquished

Notes
Turn   | Place    | Note
-------+----------+-------------------------------------------
     0 | D:1      | utis the Spriggan Earth Elementalist began the quest for the Orb.
     0 | D:1      | Reached XP level 1. HP: 9/9 MP: 5/5
     2 | D:1      | Found a runed door.
   591 | D:1      | Reached XP level 2. HP: 13/13 MP: 4/6
   615 | D:1      | Learned a level 2 spell: Passwall
  1637 | D:1      | Reached skill level 3 in Spellcasting
  2052 | D:1      | Reached XP level 3. HP: 11/16 MP: 1/8
  2468 | D:1      | Learned a level 3 spell: Stone Arrow
  3200 | D:1      | Reached XP level 4. HP: 21/21 MP: 7/9
  3705 | D:2      | Found a radiant altar of Vehumet.
  3847 | D:2      | Noticed Robin
  3920 | D:2      | Killed Robin
  4160 | D:2      | Reached skill level 1 in Conjurations
  4222 | D:2      | Found a white marble altar of Elyvilon.
  4406 | D:2      | Found a stormy altar of Qazlal.
  4406 | D:2      | Found a burning altar of Makhleb.
  4622 | D:2      | Reached XP level 5. HP: 24/24 MP: 8/11
  4730 | D:2      | Found a shadowy altar of Dithmenos.
  5098 | D:2      | Reached skill level 4 in Spellcasting
  5114 | D:2      | Upgraded the game from 0.19-a0-1637-gfc13266 to 0.19-a0-1654-g9d3f708
  5120 | D:2      | Learned a level 5 spell: Lee's Rapid Deconstruction
  5919 | D:3      | Noticed an ogre
  5940 | D:3      | Killed an ogre
  5940 | D:3      | Reached XP level 6. HP: 28/28 MP: 10/14
  6149 | D:3      | Reached skill level 5 in Earth Magic
  6351 | D:3      | Reached skill level 5 in Spellcasting
  6421 | D:4      | Gained mutation: You have large cloven feet. [potion of beneficial mutation]
  6422 | D:4      | crap
  6727 | D:4      | Found a staircase to the Ecumenical Temple.
  6746 | Temple   | Entered the Ecumenical Temple
  6935 | D:2      | Became a worshipper of Dithmenos the Shadowed
  7424 | D:4      | Reached XP level 7. HP: 13/32 MP: 8/15
  8298 | D:4      | Learned a level 4 spell: Petrify
  8358 | D:5      | Entered Level 5 of the Dungeon
  8410 | D:5      | Got a scorched marble ring
  8528 | D:5      | Found an iron altar of Okawaru.
  8625 | D:5      | Reached skill level 6 in Spellcasting
  8975 | D:5      | Reached * piety under Dithmenos
  9463 | D:6      | Reached XP level 8. HP: 34/36 MP: 6/18
 10050 | D:6      | Noticed Grinder
 10068 | D:6      | Killed Grinder
 10068 | D:6      | Reached skill level 7 in Spellcasting
 10399 | D:6      | Reached skill level 5 in Transmutations
 10870 | D:6      | Found Oseklauh's Magic Scroll Emporium.
 10878 | D:6      | Bought a scroll of noise for 13 gold pieces
 10878 | D:6      | Bought a scroll of teleportation for 39 gold pieces
 10878 | D:6      | Bought a scroll of holy word for 97 gold pieces
 10878 | D:6      | Bought a scroll of amnesia for 45 gold pieces
 10878 | D:6      | Bought a scroll of enchant weapon for 97 gold pieces
 11918 | D:6      | Got a bronze scale mail
 12202 | D:7      | Reached skill level 8 in Spellcasting
 12202 | D:7      | Reached XP level 9. HP: 39/39 MP: 13/22
 12464 | D:7      | Reached ** piety under Dithmenos
 12863 | D:7      | Reached skill level 5 in Conjurations
 13534 | D:7      | Reached skill level 1 in Short Blades
 14094 | D:8      | Found an opulent altar of Gozag.
 14483 | D:8      | Noticed a komodo dragon
 14505 | D:8      | Killed a komodo dragon
 14976 | D:8      | Found a staircase to the Lair.
 15253 | D:8      | Reached skill level 5 in Short Blades
 15678 | D:8      | Reached skill level 9 in Spellcasting
 15777 | D:8      | Reached *** piety under Dithmenos
 16358 | D:9      | Reached XP level 10. HP: 44/44 MP: 16/24
 16686 | D:9      | Reached skill level 10 in Spellcasting
 17544 | Lair:1   | Entered Level 1 of the Lair of Beasts
 17554 | Lair:1   | Noticed a spiny frog
 17555 | Lair:1   | Noticed a black mamba
 17902 | D:8      | Killed a spiny frog
 17902 | D:8      | Reached skill level 11 in Spellcasting
 18265 | Lair:1   | Noticed a seven-headed hydra
 18282 | Lair:1   | Killed a seven-headed hydra
 18282 | Lair:1   | Reached skill level 12 in Spellcasting
 18384 | Lair:1   | Noticed a seven-headed hydra
 18399 | Lair:1   | Killed a seven-headed hydra
 18399 | Lair:1   | Reached skill level 13 in Spellcasting
 18709 | Lair:1   | Noticed an elephant
 18750 | Lair:1   | Killed an elephant
 18750 | Lair:1   | Reached skill level 1 in Fighting
 19123 | Lair:1   | Reached skill level 5 in Dodging
 19234 | Lair:1   | Noticed an elephant
 19268 | Lair:1   | Killed an elephant
 19268 | Lair:1   | Reached XP level 11. HP: 51/51 MP: 12/29
 19333 | Lair:1   | Noticed Fannar
 19433 | Lair:1   | Identified the ring "Zarin" {+Inv SInv} (You found it on level 5 of the Dungeon)
 19755 | Lair:1   | Reached skill level 5 in Evocations
 19790 | Lair:1   | Gained mutation: You expend magic power (3 MP) to strengthen your wands. [mutagenic glow]
 19967 | Lair:1   | Lost mutation: You have large cloven feet. [potion of cure mutation]
 19967 | Lair:1   | Lost mutation: You expend magic power (3 MP) to strengthen your wands. [potion of cure mutation]
 20160 | Lair:1   | Killed Fannar
 22147 | Lair:3   | Noticed a catoblepas
 22340 | Lair:3   | Reached skill level 5 in Fighting
 22438 | Lair:3   | Noticed a death yak
 22459 | Lair:3   | Noticed a death yak
 22459 | Lair:3   | Noticed a death yak
 22459 | Lair:3   | Noticed a death yak
 22870 | Lair:1   | Noticed a five-headed hydra
 22888 | Lair:1   | Killed a five-headed hydra
 22888 | Lair:1   | Reached XP level 12. HP: 60/60 MP: 5/30
 23038 | Lair:2   | Noticed a four-headed hydra
 23051 | Lair:2   | Killed a four-headed hydra
 23051 | Lair:2   | Reached skill level 10 in Dodging
 23218 | Lair:2   | Killed a catoblepas
 23428 | Lair:2   | Killed a death yak
 23768 | Lair:3   | Found a staircase to the Shoals.
 24322 | Lair:3   | Killed a death yak
 24452 | Lair:2   | Killed a death yak
 24602 | Lair:2   | Killed a death yak
 25454 | Lair:3   | Noticed a catoblepas
 25475 | Lair:3   | Killed a catoblepas
 26446 | Lair:4   | Noticed a five-headed hydra
 26450 | Lair:4   | Noticed a death yak
 26475 | Lair:4   | Killed a death yak
 26566 | Lair:4   | Noticed a death yak
 26567 | Lair:4   | Noticed a death yak
 26613 | Lair:3   | Killed a death yak
 26752 | Lair:3   | Killed a death yak
 26752 | Lair:3   | Reached XP level 13. HP: 68/68 MP: 14/31
 26908 | Lair:4   | Reached **** piety under Dithmenos
 27114 | Lair:4   | Found a staircase to the Snake Pit.
 27184 | Lair:4   | Identified the Guide on Mutagenic Evil
 27587 | Lair:5   | Found a staircase to the Slime Pits.
 27696 | Lair:5   | Learned a level 6 spell: Statue Form
 27702 | Lair:5   | Learned a level 5 spell: Alistair's Intoxication
 29722 | Lair:5   | Reached skill level 14 in Spellcasting
 30049 | Lair:6   | Entered Level 6 of the Lair of Beasts
 30605 | Lair:6   | Reached ***** piety under Dithmenos
 30636 | Lair:6   | Found a frozen archway.
 30730 | IceCv    | Entered an ice cave
 32417 | IceCv    | Noticed a reaper
 33656 | IceCv    | Killed a reaper
 35340 | Lair:6   | Reached XP level 14. HP: 73/73 MP: 25/33
 35864 | Lair:5   | Reached skill level 15 in Spellcasting
 36145 | Lair:5   | Reached skill level 10 in Transmutations
 36886 | Lair:6   | Reached skill level 10 in Earth Magic
 38334 | Lair:6   | Reached ****** piety under Dithmenos
 38665 | D:10     | Entered Level 10 of the Dungeon
 39568 | D:10     | Found a staircase to the Orcish Mines.
 40400 | D:11     | Reached skill level 16 in Spellcasting
 41542 | Orc:1    | Entered Level 1 of the Orcish Mines
 41542 | Orc:1    | Noticed Snorg
 41554 | Orc:1    | Killed Snorg
 41659 | Orc:1    | Found Quxaunoph's Antique Armour Shoppe.
 41666 | Orc:1    | Found a flagged portal.
 41710 | Bailey   | Entered a bailey
 43111 | Orc:2    | Entered Level 2 of the Orcish Mines
 43202 | Orc:2    | Found a staircase to the Elven Halls.
 43770 | Orc:2    | Found Surepum's Magic Scroll Boutique.
 43773 | Orc:2    | Bought a scroll of fog for 22 gold pieces
 43773 | Orc:2    | Bought a scroll of enchant armour for 82 gold pieces
 44059 | Orc:2    | Reached XP level 15. HP: 77/77 MP: 36/36
 44121 | Orc:2    | Reached skill level 1 in Invocations
 44215 | Orc:2    | Found Emohiaff's Book Shop.
 44215 | Orc:2    | Found Dedaib's General Store.
 44217 | Orc:2    | Found Qyma's Assorted Antiques.
 44219 | Orc:2    | Found Nar Rish's Assorted Antiques.
 44227 | Orc:2    | Bought a scroll of blinking for 97 gold pieces
 44227 | Orc:2    | Bought a bread ration for 65 gold pieces
 44227 | Orc:2    | Bought a scroll of magic mapping for 45 gold pieces
 45121 | Orc:2    | Found a roughly hewn altar of Beogh.
 45207 | Orc:2    | Bought a book of Air for 420 gold pieces
 45207 | Orc:2    | Bought a book of Party Tricks for 600 gold pieces
 45209 | Orc:2    | Learned a level 1 spell: Summon Butterflies
 45212 | Orc:2    | Learned a level 2 spell: Repel Missiles
 45215 | Orc:2    | Learned a level 2 spell: Swiftness
 45984 | D:12     | Found a runed door.
 45993 | D:12     | Found a runed door.
 46005 | D:12     | Found a runed door.
 46015 | D:12     | Found a runed door.
 46038 | D:12     | Identified a scroll of acquirement
 46041 | D:12     | Gained mutation: You have large cloven feet. [potion of beneficial mutation]
 46042 | D:12     | Gained mutation: Your flesh is cold resistant. (rC+) [potion of beneficial mutation]
 46336 | D:12     | Reached skill level 5 in Invocations
 46535 | D:12     | stupid
 47854 | D:12     | Noticed a tengu reaver
 48472 | D:12     | Killed from afar by a tengu reaver

Vault maps used:
D:1:      dpeg_arrival_caged_fury, serial_forest, infiniplex_forest_straight_4,
          infiniplex_forest_clump_long, infiniplex_forest_straight_3,
          infiniplex_forest_clump_small, infiniplex_forest_lined_2,
          infiniplex_forest_end_2
D:2:      fiery_altar_vehumet, marbit_many_paths,
          gammafunk_temple_overflow_elements, minmay_misc_feat_tiny,
          kennysheep_big_empty_room, minmay_fountain_box, elyvilon_altar_5,
          uniq_robin
D:3:      kennysheep_big_flooded_room, minmay_randomly_rotated_circles
D:4:      first_bread
D:5:      okawaru_trees_2
D:6:      serial_shops, shop, uniq_grinder
D:8:      grunt_gozag_statues, erik_lair_dragon
D:10:     erik_orc_3
D:11:     wad_crossroads, grunt_pizzeria
D:12:     regret_index_combs_of_tragedy, minmay_statue_crystal_thing
Temple:   eino_temple_rhombus
Lair:1:   grunt_megastairs_3, lemuel_fruit_fields, uniq_fannar
Lair:3:   minmay_shoals_entry_beasts, infiniplex_staircase_pool
Lair:4:   guppyfry_snake_entry_island, grunt_megastairs_5,
          infiniplex_staircase_pool_2
Lair:5:   minmay_slime_entry_pillars
Lair:6:   hangedman_lair_in_review, portal_ice_cave_entry_imps
Orc:1:    serial_shops, nicolae_shop_window_shopping, enter_bailey_3,
          nicolae_orc_bridge_out, uniq_snorg
Orc:2:    st_orc_rangers, serial_shops, nicolae_shop_behind_doors,
          minmay_orc_temple_b
Bailey:   bailey_axe_2, bailey
IceCv:    ice_cave_small_demon

Skill      XL: |  1  2  3  4  5  6  7  8  9 10 11 12 13 14 15 |
---------------+----------------------------------------------+-----
Earth Magic    | 3 4 5 6 7 9 11 | 11.0
Spellcasting   | 3 4 5 6 8 9 13 14 16 | 16.2
Conjurations   | 1 2 3 5 6 |  6.0
Transmutations | 6 9 12 | 12.6
Short Blades   | 5 |  5.2
Fighting       | 2 5 8 |  8.1
Dodging        | 5 9 13 | 13.6
Evocations     | 7 |  7.3
Invocations    | 8 |  8.1
Stealth        | |  3.0

Action                   |  1- 3 |  4- 6 |  7- 9 | 10-12 | 13-15 || total
-------------------------+-------+-------+-------+-------+-------++-------
Melee: Unarmed           |     2 |       |       |       |       ||     2
       Spear             |     4 |       |    11 |       |       ||    15
       Dagger            |       |       |   146 |   303 |   371 ||   820
       Kick              |       |       |    54 |    34 |   110 ||   198
       Quarterstaff      |       |       |       |   212 |     2 ||   214
       Quick blade       |       |       |       |       |  1646 ||  1646
 Fire: Hunting sling     |    25 |   136 |   117 |       |       ||   278
       Shortbow          |       |       |    19 |    25 |       ||    44
Throw: Tomahawk          |       |       |    22 |    36 |   170 ||   228
 Cast: Sandblast         |    79 |   104 |   195 |     4 |       ||   382
       Stone Arrow       |       |       |    41 |   185 |   194 ||   420
       Petrify           |       |       |    63 |   111 |   262 ||   436
       Passwall          |       |       |       |     1 |     9 ||    10
       Statue Form       |       |       |       |       |    22 ||    22
       Alistair's Intoxi |       |       |       |       |     5 ||     5
       Lee's Rapid Decon |       |       |       |       |     6 ||     6
       Repel Missiles    |       |       |       |       |     1 ||     1
 Abil: Evoke Invisibilit |       |       |       |     4 |     1 ||     5
       End Transformatio |       |       |       |       |    12 ||    12
  Use: Scroll            |       |     7 |     4 |    12 |    22 ||    45
       Potion            |       |     1 |     1 |     1 |     2 ||     5
 Stab: Petrified         |       |       |   106 |   155 |   431 ||   692
       Petrifying        |       |       |    14 |    24 |    50 ||    88
       Invisible         |       |       |       |    14 |     1 ||    15
       Sleeping          |       |       |       |     2 |    15 ||    17
       Confused          |       |       |       |       |     5 ||     5
  Eat: Bread ration      |       |     1 |     4 |     2 |     7 ||    14
Armor: Robe              |     4 |     6 |     4 |     1 |       ||    15
       Mottled dragon ar |       |       |       |    28 |    61 ||    89
       Skin              |       |       |       |       |    54 ||    54
Dodge: Dodged            |    32 |    27 |   170 |   419 |  1240 ||  1888
       Deflected         |       |       |       |       |     1 ||     1
Block: Other             |       |       |       |    36 |   132 ||   168
       Reflection        |       |       |       |       |    11 ||    11
